 Dungeon Sprint DCSS version 0.27-a0-1359-ga2a4dfd6fd (webtiles) character file.

Game seed: 9934526451406245048

15390 mhtbhm the Sorcerer (level 12, -10/60 HPs)
             Began as a Deep Elf Earth Elementalist on June 28, 2021.
             Was the Champion of Vehumet.
             Killed from afar by Harold (15 damage)
             ... with a poison arrow
             ... in the Dungeon (Sprint III: "The Ten Rune Challenge").
             The game lasted 00:07:46 (2372 turns).

mhtbhm the Sorcerer (Deep Elf Earth Elementalist)   Turns: 2372, Time: 00:07:47

Health: -10/60     AC:  4    Str:  5    XL:     12   Next: 0%
Magic:  8/41       EV: 19    Int: 26    God:    Vehumet [******]
Gold:   2630       SH:  0    Dex: 15    Spells: 21/58 levels left

rFire    + + .     SeeInvis .   x - staff of fire
rCold    + . .     Faith    .   (no shield)
rNeg     . . .     Spirit   .   b - +2 robe {rC+ rF+}
rPois    .         Reflect  .   (no helmet)
rElec    +         Harm     .   (no cloak)
rCorr    .         Rampage  .   (no gloves)
Will     +....     NoTele   +   (no boots)
Stlth    ++++......             r - amulet of the King {Acrobat rElec Stlth+}
HPRegen  0.20/turn              p - +4 ring of evasion
MPRegen  0.27/turn              (no ring)

@: lethally poisoned (-10 -> -30), slowed, very slow
A: no striking features
a: Renounce Religion


You were in the Dungeon.
You worshipped Vehumet.
Vehumet was exalted by your worship.
You visited 1 branch You collected 2630 gold pieces.

Inventory:

Missiles
 i - 15 stones
Armour
 b - a +2 robe of resistance (worn)
Magical Staves
 x - a staff of fire (weapon)
Jewellery
 p - a +4 ring of evasion (left hand)
 r - the amulet of the King (around neck) {Acrobat rElec Stlth+}
   (You found it in the Dungeon)

   [amulet of the acrobat]

   It increases your evasion while moving and waiting.rElec: It insulates you
   from electricity.
   Stlth:     It makes you more stealthy.
Wands
 v - a wand of acid (6)
Scrolls
 j - 2 scrolls of holy word {unknown}
 k - 4 scrolls of amnesia {unknown}
 l - 2 scrolls of silence {unknown}
Potions
 e - a potion of haste
 f - a potion of magic
 g - a potion of berserk rage
 m - a potion of lignification
 n - 6 potions of mutation
Miscellaneous
 o - a condenser vane
 s - a phantom mirror
 t - a tin of tremorstones (2/2)
 u - a phial of floods
 w - a lightning rod (4/4)


   Skills:
 - Level 0.7 Fighting
 + Level 6.4 Dodging
 + Level 5.2 Stealth
 + Level 23.5 Spellcasting
 + Level 2.9 Conjurations
 + Level 1.0 Hexes
 + Level 5.7 Transmutations
 * Level 4.6 Fire Magic
 + Level 21.1 Earth Magic


You had 21 spell levels left.
You knew the following spells:

 Your Spells              Type           Power      Damage    Failure   Level
a - Sandblast             Erth           100%       2d20      0%          1
b - Passwall              Tmut/Erth      65%        N/A       0%          2
c - Stone Arrow           Conj/Erth      100%       3d13      1%          3
d - Lee's Rapid Deconstr  Erth           48%        3d24*     0%          5
e - Petrify               Tmut/Erth      79%        N/A       1%          4
f - Inner Flame           Hex/Fire       61%        N/A       1%          3
g - Frozen Ramparts       Ice            60%        1d8       1%          3
h - Ignition              Fire           34%        3d11      93%         8
i - Lehudib's Crystal Sp  Conj/Erth      37%        10d9      14%         8

Your spell library contained the following spells:

 Spells                   Type           Power      Damage    Failure   Level
 Lightning Bolt           Conj/Air       19%        1d33      4%          5
 Corona                   Hex            40%        N/A       1%          1
 Ensorcelled Hibernation  Hex/Ice        66%        N/A       1%          2
 Dazzling Flash           Conj/Hex       80%        N/A       1%          3
 Confusing Touch          Hex            36%        N/A       2%          3
 Tukima's Dance           Hex            36%        N/A       2%          3
 Yara's Violent Unravell  Hex/Tmut       24%        3d11      2%          5
 Cause Fear               Hex            18%        N/A       8%          4
 Silence                  Hex/Air        16%        N/A       26%         5
 Discord                  Hex            18%        N/A       100%        8
 Disjunction              Tloc           15%        N/A       100%        8
 Chain Lightning          Conj/Air       19%        3d25      100%        9
 Fire Storm               Conj/Fire      33%        8d8       100%        9
 Polar Vortex             Ice            15%        N/A       100%        9


Dungeon Overview and Level Annotations

Branches:
Dungeon (1/1)

Altars:
Cheibriados
Dithmenos
Elyvilon
Fedhas
Gozag
Hepliaklqana
Kikubaaqudgha
Makhleb
Nemelex Xobeh
Okawaru
Qazlal
Ru
Sif Muna
Trog
Uskayaw
Vehumet
Wu Jian
Xom
Yredelemnul
Zin
The Shining One
Beogh
Jiyva
Lugonu

Shops:
D =

Annotations:
D Harold, Joseph


Message History

* * * LOW HITPOINT WARNING * * *
Unknown command.
Unknown command.
Unknown command.
Casting: Lee's Rapid Deconstruction (safe; 0% risk of failure)
Confirm with . or Enter, or press ? or * to list all spells.
Aiming: Lee's Rapid Deconstruction (safe; 0% risk of failure)
Press: ? - help, Dir - move target, f/p - Harold Fragment what (e.g. wall or brittle monster)?: Harold, wielding a +0 dire flail of distortion (heavily wounded, petrified)
A net trap.
Harold shatters!!!
Harold is severely wounded.
The blast of petrified fragments hits Joseph!
Joseph is almost dead.
Harold is no longer petrified.
Joseph drops a net on you.
You avoid being caught in a net.
Unknown command.
Unknown command.
Casting: Lee's Rapid Deconstruction (safe; 0% risk of failure)
Confirm with . or Enter, or press ? or * to list all spells.
Okay, then.
Okay, then.
Okay, then.
Okay, then.
Casting: Lee's Rapid Deconstruction (safe; 0% risk of failure)
Confirm with . or Enter, or press ? or * to list all spells.
Okay, then.
Okay, then.
Okay, then.
Casting: Lee's Rapid Deconstruction (safe; 0% risk of failure)
Confirm with . or Enter, or press ? or * to list all spells.
Aiming: Sandblast (safe; 0% risk of failure)
Press: ? - help, Shift-Dir - straight line, f/p - Harold
Aim: Harold, wielding a +0 dire flail of distortion (severely wounded, 88% to hit)
The blast of sand hits Harold!
Harold is severely wounded.
Harold casts a spell at you. The poison arrow hits you!
You are lethally poisoned!
You die...

#[###.##∩.##.')..##....'.....[#
#.##..##.######################
#'#####################
#))..#.#.#.....#.....^+
##[#).#.##.###.#......#
'##.#.#.##.#.)##.^..^.#
#...#..#..##..'...^^^^#
▓▓▓▓▓▓▓▓▓▓▓▓▓▓#.......#
........≈≈≈...#.@^...^#
≈≈≈≈≈≈≈≈≈≈♣♣P.'.@@....#
♣♣♣♣♣♣♣♣♣♣♣♣PP#..^....#
♣♣♣##'###### ... #...# #...#
#####


You could see Harold and Joseph.

Vanquished Creatures
  A deep elf master archer (D)
  A deep elf demonologist (D)
  3 deep elf annihilators (D)
  2 deep elf high priests (D)
  Erolcha (D)
  2 orc high priests (D)
  2 deep elf knights (D)
  An orc knight (D)
  2 deep elf pyromancers (D)
  2 deep elf zephyrmancers (D)
  2 cane toads (D)
  A komodo dragon (D)
  3 wandering mushrooms (D)
  2 redbacks (D)
  A shadow (D)
  A spatial vortex (D)
  2 orc warriors (D)
  A necrophage (D)
  5 two-headed ogres (D)
  A water elemental (D)
  An orc priest (D)
  A jelly (D)
  Jessica (D)
  A necromancer (D)
  A wizard (D)
  A kobold demonologist (D)
  3 humans (D)
  A phantom (D)
  10 orcs (D)
  2 endoplasms (D)
  A kobold (D)
  2 rats (D)
61 creatures vanquished.

Notes
Turn   | Place    | Note
-------+----------+-------------------------------------------
     0 | D        | mhtbhm the Deep Elf Earth Elementalist began the quest for
                  | the Orb.
     0 | D        | Reached XP level 1. HP: 10/10 MP: 6/6
    31 | D        | Noticed Jessica
    32 | D        | Killed Jessica
    33 | D        | Reached skill level 4 in Spellcasting
    33 | D        | Reached skill level 5 in Earth Magic
    33 | D        | Reached XP level 2. HP: 15/15 MP: 4/9
    33 | D        | Reached XP level 3. HP: 19/19 MP: 4/11
    88 | D        | Learned a level 2 spell: Passwall
    92 | D        | Learned a level 3 spell: Stone Arrow
   220 | D        | Reached skill level 5 in Spellcasting
   305 | D        | Noticed a water elemental
   310 | D        | Killed a water elemental
   311 | D        | Reached skill level 6 in Spellcasting
   311 | D        | Reached XP level 4. HP: 19/24 MP: 2/14
   398 | D        | Found a radiant altar of Vehumet.
   399 | D        | Found a shimmering blue altar of Sif Muna.
   399 | D        | Noticed a wizard
   401 | D        | Killed a wizard
   402 | D        | Reached skill level 7 in Spellcasting
   402 | D        | Reached XP level 5. HP: 28/28 MP: 10/16
   403 | D        | Found an ancient bone altar of Kikubaaqudgha.
   413 | D        | Became a worshipper of Vehumet
   471 | D        | Learned a level 5 spell: Lee's Rapid Deconstruction
   476 | D        | Learned a level 4 spell: Petrify
   509 | D        | Found a glowing silver altar of Zin.
   509 | D        | Found a glowing golden altar of the Shining One.
   509 | D        | Found a white marble altar of Elyvilon.
   509 | D        | Noticed a deep elf pyromancer
   511 | D        | Killed a deep elf pyromancer
   512 | D        | Reached skill level 5 in Dodging
   512 | D        | Reached skill level 11 in Spellcasting
   512 | D        | Reached XP level 6. HP: 33/33 MP: 7/22
   512 | D        | Reached XP level 7. HP: 37/37 MP: 7/23
   601 | D        | Found a hide-covered altar of Uskayaw.
   601 | D        | Found an iron altar of Okawaru.
   601 | D        | Found a bloodstained altar of Trog.
   601 | D        | Found an ornate altar of the Wu Jian Council.
   601 | D        | Noticed a human
   601 | D        | Noticed a human
   604 | D        | Killed a human
   605 | D        | Reached skill level 5 in Stealth
   605 | D        | Reached skill level 12 in Spellcasting
   607 | D        | Killed a human
   607 | D        | Reached * piety under Vehumet
   607 | D        | Offered knowledge of Shock by Vehumet.
   739 | D        | Found a basalt altar of Yredelemnul.
   739 | D        | Found a shadowy altar of Dithmenos.
   739 | D        | Found a sacrificial altar of Ru.
   828 | D        | Offered knowledge of Searing Ray by Vehumet.
   828 | D        | Reached ** piety under Vehumet
   828 | D        | Noticed a shadow
   830 | D        | Killed a shadow
   831 | D        | Reached skill level 13 in Spellcasting
   831 | D        | Reached XP level 8. HP: 42/42 MP: 11/27
   917 | D        | Found a blossoming altar of Fedhas.
   917 | D        | Found a stormy altar of Qazlal.
   917 | D        | Found a snail-covered altar of Cheibriados.
   917 | D        | Found a burning altar of Makhleb.
   917 | D        | Found a shimmering altar of Xom.
   918 | D        | Found a hazy altar of Hepliaklqana.
   918 | D        | Found an opulent altar of Gozag.
   918 | D        | Found a sparkling altar of Nemelex Xobeh.
   918 | D        | Found a corrupted altar of Lugonu.
   918 | D        | Found a viscous altar of Jiyva.
   978 | D        | Offered knowledge of Inner Flame by Vehumet.
   980 | D        | Reached skill level 14 in Spellcasting
   981 | D        | Reached *** piety under Vehumet
  1081 | D        | Learned a level 3 spell: Inner Flame
  1090 | D        | Offered knowledge of Frozen Ramparts by Vehumet.
  1091 | D        | Reached **** piety under Vehumet
  1093 | D        | Noticed an orc knight
  1099 | D        | Killed an orc knight
  1100 | D        | Reached skill level 15 in Spellcasting
  1100 | D        | Reached skill level 15 in Earth Magic
  1100 | D        | Reached XP level 9. HP: 46/46 MP: 1/30
  1105 | D        | Reached ***** piety under Vehumet
  1107 | D        | Noticed an orc high priest
  1110 | D        | Noticed an orc high priest
  1111 | D        | Killed an orc high priest
  1112 | D        | Reached skill level 16 in Spellcasting
  1112 | D        | Reached skill level 1 in Hexes
  1112 | D        | Reached skill level 1 in Fire Magic
  1114 | D        | Noticed a red devil
  1115 | D        | Killed an orc high priest
  1116 | D        | Reached skill level 17 in Spellcasting
  1188 | D        | Found Exuf's Jewellery Shop.
  1242 | D        | Learned a level 3 spell: Frozen Ramparts
  1251 | D        | Noticed a deep elf zephyrmancer
  1251 | D        | Noticed a deep elf knight
  1251 | D        | Noticed a deep elf zephyrmancer
  1251 | D        | Noticed a deep elf pyromancer
  1251 | D        | Noticed a deep elf knight
  1257 | D        | Killed a deep elf pyromancer
  1257 | D        | Offered knowledge of Conjure Flame by Vehumet.
  1257 | D        | Reached ****** piety under Vehumet
  1258 | D        | Reached skill level 18 in Spellcasting
  1259 | D        | Killed a deep elf zephyrmancer
  1259 | D        | Killed a deep elf knight
  1260 | D        | Reached skill level 19 in Spellcasting
  1260 | D        | Reached XP level 10. HP: 51/51 MP: 19/35
  1261 | D        | Killed a deep elf knight
  1262 | D        | Killed a deep elf zephyrmancer
  1312 | D        | Identified the +2 robe "Qeniot" {Fly}
  1312 | D        | Noticed a deep elf high priest
  1318 | D        | Killed a deep elf high priest
  1318 | D        | Noticed a deep elf high priest
  1319 | D        | Reached skill level 20 in Spellcasting
  1538 | D        | Killed a deep elf high priest
  1538 | D        | Offered knowledge of Hailstorm by Vehumet.
  1539 | D        | Noticed a deep elf master archer
  1749 | D        | Noticed a deep elf annihilator
  1751 | D        | Killed a deep elf annihilator
  1752 | D        | Reached skill level 21 in Spellcasting
  1752 | D        | Reached XP level 11. HP: 55/55 MP: 26/38
  1776 | D        | Identified the +2 robe "Zesozxasm" {Dex+5}
  1776 | D        | Noticed a deep elf demonologist
  1778 | D        | Killed a deep elf demonologist
  1801 | D        | Noticed a deep elf annihilator
  1803 | D        | Killed a deep elf annihilator
  1804 | D        | Killed a deep elf master archer
  1805 | D        | Reached skill level 22 in Spellcasting
  1805 | D        | Reached skill level 5 in Transmutations
  1805 | D        | Noticed a deep elf annihilator
  1808 | D        | Killed a deep elf annihilator
  1921 | D        | Identified the amulet of the King {Acrobat rElec Stlth+}
  1929 | D        | Got The Arcane Secrets of Spellcraft
  2089 | D        | Learned a level 8 spell: Ignition
  2089 | D        | Noticed Erolcha
  2091 | D        | Killed Erolcha
  2092 | D        | Offered knowledge of Lightning Bolt by Vehumet.
  2093 | D        | Reached skill level 23 in Spellcasting
  2250 | D        | Reached XP level 12. HP: 50/60 MP: 19/41
  2339 | D        | Learned a level 8 spell: Lehudib's Crystal Spear
  2359 | D        | Noticed Harold
  2359 | D        | Noticed Joseph
  2372 | D        | Killed from afar by Harold

Illustrated notes

Levels and vault maps discovered:
D:        dungeon_sprint_mu [sprint_mu_entry_forest, sprint_mu_temple_rooms,
          sprint_mu_d1_spiders, sprint_mu_d2_genie, sprint_mu_d3_branching,
          sprint_mu_orc_legion, sprint_mu_elf_gauntlet, sprint_mu_hive_nellie,
          sprint_mu_lair_fedhas, sprint_mu_vaults_butterflies,
          sprint_mu_slime_circle, sprint_mu_shoals_archi,
          sprint_mu_snake_twists, sprint_mu_blade_basic,
          sprint_mu_crypt_chambers, sprint_mu_tomb_spiral,
          sprint_mu_vestibule_basic, sprint_mu_gehenna_hellfire,
          sprint_mu_dis_giant, sprint_mu_tartarus_statrot,
          sprint_mu_cocytus_islands, sprint_mu_zot1]

Skill      XL: |  1  2  3  4  5  6  7  8  9 10 11 |
---------------+----------------------------------+-----
Dodging        | 3 4 5 6 |  6.4
Earth Magic    | 5 8 12 13 15 17 19 21 | 21.1
Stealth        | 3 4 5 |  5.2
Spellcasting   | 4 6 7 11 13 15 19 21 23 | 23.5
Conjurations   | 2 |  2.9
Transmutations | 2 3 5 |  5.7
Hexes          | 1 |  1.0
Fire Magic     | 1 4 |  4.6
Fighting       | |  0.7

Action                   |  1- 3 |  4- 6 |  7- 9 | 10-12 || total
-------------------------+-------+-------+-------+-------++-------
Melee: Staff             |       |       |       |     1 ||     1
 Cast: Sandblast         |     8 |     1 |     5 |     1 ||    15
       Stone Arrow       |     6 |     2 |     2 |     7 ||    17
       Passwall          |     1 |       |       |       ||     1
       Lee's Rapid Decon |       |     2 |    28 |    34 ||    64
       Petrify           |       |       |     1 |     9 ||    10
       Inner Flame       |       |       |     1 |       ||     1
  Use: Potion            |       |       |     1 |     4 ||     5
       Scroll            |       |       |       |     3 ||     3
Dodge: Dodged            |     1 |       |     4 |    13 ||    18

Table legend: (Time is in decaauts)
 A = Elapsed time spent in this place.
 B = Non-inter-level travel time spent in this place.
 C = Inter-level travel time spent in this place.
 D = Time resting spent in this place.
 E = Time spent auto-exploring this place.
 F = Levels seen in this place.
 G = Mean time per level.
                   A        B        C        D        E       F      G
               +--------+--------+--------+--------+--------+-----+--------+
         Total |   2383 |   2383 |      0 |   1724 |      1 |   1 | 2383.0 |
       Dungeon |   2383 |   2383 |      0 |   1724 |      1 |   1 | 2383.0 |
               +--------+--------+--------+--------+--------+-----+--------+

Top non-repeatable levels by time:
       D: 2383 daAuts
